 Dungeon Crawl Stone Soup version 0.20-a0-738-gb057e68 (webtiles) character file.

10 nono the Vexing (level 2, -3/14 HPs)
             Began as a Vine Stalker Arcane Marksman on Feb 23, 2017.
             Killed from afar by Natasha (5 damage)
             ... with a magic dart
             ... on level 2 of the Dungeon.
             The game lasted 00:01:28 (925 turns).

nono the Vexing (Vine Stalker Arcane Marksman)       Turns: 925, Time: 00:01:29

Health: -3/14      AC:  3    Str: 12    XL:     2   Next: 20%
Magic:  0/4        EV: 12    Int: 13    God:
Gold:   22         SH:  0    Dex: 14    Spells: 2/3 levels left

rFire    . . .     SeeInvis .   n - +0 dagger (venom)
rCold    . . .     Gourm    .   a - +0 robe
rNeg     . . .     Faith    .   (no shield)
rPois    .         Spirit   +   (no helmet)
rElec    .         Reflect  .   (no cloak)
rCorr    .         Harm     .   p - +0 pair of gloves (curse)
MR       .....                  (no boots)
Stlth    +.........             (no amulet)
Regen    0.1/turn               (no ring)
MPRegen  0.1/turn               (no ring)

@: no status effects
A: fangs 2, magic shield, antimagic bite, no potion heal 3, rot immunity
a: no special abilities


You were on level 2 of the Dungeon.
You were not hungry.

You visited 1 branch of the dungeon, and saw 2 of its levels.

You collected 22 gold pieces.

Inventory:

Hand Weapons
 n - a +0 dagger of venom (weapon)
Missiles
 c - 5 javelins (quivered)
 d - 2 throwing nets
Armour
 a - a +0 robe (worn)
 p - a cursed +0 pair of gloves (worn)
Scrolls
 g - 2 scrolls of teleportation {unknown}
 i - a scroll of enchant armour {unknown}
 j - a scroll of amnesia {unknown}
 k - a scroll of magic mapping {unknown}
 l - a scroll of identify {unknown}
 m - a scroll of recharging {unknown}
 q - 3 scrolls of remove curse {unknown}
Potions
 e - a potion of haste {unknown}
 h - a potion of might {unknown}
 o - a potion of heal wounds
 r - a potion of brilliance {unknown}
Books
 b - a book of Debilitation

   Spells                             Type                      Level
   a - Corona                         Hexes                        1
   b - Slow                           Hexes                        2
   c - Inner Flame                    Hexes/Fire                   3
   d - Portal Projectile              Hexes/Translocation          3
   e - Cause Fear                     Hexes                        4
   f - Leda's Liquefaction            Hexes/Earth                  4
Comestibles
 f - 2 bread rations


   Skills:
 - Level 0.8 Fighting
 + Level 0.1 Short Blades
 - Level 1.7 Throwing
 - Level 1.5 Dodging
 - Level 1.7 Unarmed Combat
 - Level 1.1 Spellcasting
 - Level 3.0 Hexes


You had 2 spell levels left.
You knew the following spells:

 Your Spells              Type           Power        Failure   Level  Hunger
a - Corona                Hex            #......      10%         1    ##.....


Dungeon Overview and Level Annotations

Branches:
Dungeon (2/15)

Altars:

Annotations:
D:2 Natasha


Innate Abilities, Weirdness & Mutations

You have extremely sharp teeth.
When hurt, damage is shared between your health and your magic reserves.
Your bite disrupts and absorbs the magic of your enemies.
Potions cannot restore your health.
You are immune to rotting.


Message History

You drain her magic.
You feel invigorated.
Natasha is heavily wounded.
Natasha misses you.
You hit Natasha. You bite Natasha.
Natasha's magic leaks into the air.
You drain her magic.
Natasha is severely wounded.
Natasha drinks a potion.
Natasha is healed!
You hit Natasha.
Natasha looks as sick as possible!
Natasha is lightly wounded.
Natasha claws you!
* * * LOW HITPOINT WARNING * * *
You hit Natasha but do no damage. You bite Natasha.
Natasha's magic leaks into the air.
You drain her magic.
You feel invigorated.
Natasha is heavily wounded.
Natasha claws you.
* * * LOW HITPOINT WARNING * * *
Natasha falters for a moment.
Natasha stares at you and mumbles some strange words.
The magic dart hits you!
You die...

####### #.....## #.##.#.#####
#...###....#####
#.##.#h###...... #.#
#...@....... #.# ############
#.# #.# ..### #.# .... #.#
#..## #.# ##>..## #####.#
##.....#
#...#.################.......


You could see Natasha.

Vanquished Creatures
  A bat (D:1)
  3 hobgoblins
  A ball python (D:1)
  2 frilled lizards
  4 rats (D:1)
11 creatures vanquished.

Notes
Turn   | Place    | Note
-------+----------+-------------------------------------------
     0 | D:1      | nono the Vine Stalker Arcane Marksman began the quest for the Orb.
     0 | D:1      | Reached XP level 1. HP: 9/9 MP: 3/3
   171 | D:1      | Reached skill level 1 in Unarmed Combat
   362 | D:1      | Reached XP level 2. HP: 12/14 MP: 4/4
   914 | D:2      | Noticed Natasha
   925 | D:2      | Killed from afar by Natasha

Vault maps used:
D:1:      nagdon_arrival_double_spiral
D:2:      lemuel_coloured_pillars_altar, uniq_terence, uniq_natasha

Skill      XL: |  1 |
---------------+----+-----
Unarmed Combat | 1 |  1.7
Fighting       | |  0.8
Short Blades   | |  0.1
Throwing       | |  1.7
Dodging        | |  1.5
Spellcasting   | |  1.1
Hexes          | |  3.0

Action                   || total
-------------------------++-------
Melee: Unarmed           ||    35
       Bite              ||    13
       Dagger            ||     9
Throw: Throwing net      ||     1
 Stab: Sleeping          ||     1
Armor: Robe              ||     5
Dodge: Dodged            ||    15
